 Dungeon Crawl Stone Soup version 0.22-a0-299-g43f9854 (webtiles) character file.

160667 inmateoo the Zephyrmancer (level 17, -4/126 HPs)
             Began as a Vampire Air Elementalist on Mar 25, 2018.
             Was the Champion of Vehumet.
             Slain by a titanic slime creature (88 damage)
             ... on level 3 of the Swamp on Mar 26, 2018.
             The game lasted 01:58:58 (40007 turns).

inmateoo the Zephyrmancer (VpAE)                   Turns: 40007, Time: 01:58:59

Health: -4/126     AC: 14    Str: 14    XL:     17   Next: 18%
Magic:  9/34       EV: 19    Int: 27    God:    Vehumet [******]
Gold:   1951       SH: 15    Dex: 19    Spells: 3/43 levels left

rFire    + + .     SeeInvis +   N - +1 mace of Unreason {elec, rElec rN+ Dex-2 Stlth+}
rCold    + + .     Gourm    .   K - +1 buckler {AC+3}
rNeg     + + .     Faith    .   R - +2 robe "Eriofegh" {rPois rF+ MR+}
rPois    +         Spirit   .   E - +2 hat "Ataehonk" {Str+4 Int+3 Dex+2}
rElec    +         Reflect  +   O - +2 cloak of the Unseen Realm {rC+}
rCorr    .         Harm     .   J - +0 pair of gloves {Str+3}
MR       ++...                  Q - +0 pair of boots {Stlth+}
Stlth    ++++++++..             o - brooch of Shielding {Reflect SH+8}
HPRegen  0.31/turn              T - ring of Heid {rF+ Dex+4 Stlth+}
MPRegen  0.24/turn              H - ring of protection from cold

@: no status effects
A: fangs 3, horns 1, see invisible, deterioration 1, poison resistance,
unbreathing
a: Bat Form, Renounce Religion


You were on level 3 of the Swamp.
You worshipped Vehumet.
Vehumet was exalted by your worship.
You were not thirsty.

You visited 5 branches of the dungeon, and saw 27 of its levels.
You also visited: Labyrinth, Ossuary, Bailey and Ice Cave.

You collected 2842 gold pieces.
You spent 891 gold pieces at shops.

Inventory:

Hand Weapons
 r - a +2 short sword of flaming
 y - the +2 hand axe "Atuoloar" {chop, rPois SInv}
   (You found it on level 7 of the Dungeon)

   It inflicts extra damage upon your enemies.
   It protects you from poison.
   It lets you see invisible.
 N - the +1 mace of Unreason (weapon) {elec, rElec rN+ Dex-2 Stlth+}
   (You found it in a labyrinth)

   Occasionally, upon striking a foe, it will discharge some electrical energy
   and cause terrible harm.
   It affects your dexterity (-2).
   It insulates you from electricity.
   It protects you from negative energy.
   It makes you more stealthy.
Missiles
 v - a throwing net (quivered)
Armour
 h - a +2 cloak of invisibility
 E - the +2 hat "Ataehonk" (worn) {Str+4 Int+3 Dex+2}
   (You acquired it on level 9 of the Dungeon)

   It affects your strength (+4).
   It affects your intelligence (+3).
   It affects your dexterity (+2).
 F - a scarf of spirit shield
 J - a +0 pair of gloves of strength (worn)
 K - a +1 buckler of protection (worn)
 O - the +2 cloak of the Unseen Realm (worn) {rC+}
   (You found it in a labyrinth)

   It protects you from cold.
 Q - a +0 pair of boots of stealth (worn)
 R - the +2 robe "Eriofegh" (worn) {rPois rF+ MR+}
   (You found it on level 3 of the Lair of Beasts)

   It protects you from fire.
   It protects you from poison.
   It affects your resistance to hostile enchantments.
Jewellery
 d - the ring "Jeni" {rElec MR+ Str+3 Stlth-}
   (You found it on level 1 of the Swamp)

   [ring of loudness]

   It affects your strength (+3).
   It insulates you from electricity.
   It affects your resistance to hostile enchantments.
   It makes you less stealthy.
 o - the brooch of Shielding (around neck) {Reflect SH+8}
   (You took it off a minotaur in a labyrinth)

   [amulet of reflection]

   It shields you and reflects attacks.
   It affects your SH (+8).
 H - a ring of protection from cold (right hand)
 M - the ring "Boesack" {MR+ Stlth+}
   (You found it on level 1 of the Swamp)

   [ring of stealth]

   It affects your resistance to hostile enchantments.
   It makes you more stealthy.
 T - the ring of Heid (left hand) {rF+ Dex+4 Stlth+}
   (You found it on level 1 of the Swamp)

   [ring of protection from fire]

   It affects your dexterity (+4).
   It protects you from fire.
   It makes you more stealthy.
Wands
 a - a wand of random effects (29)
 b - a wand of flame (69)
 B - a wand of digging (10)
 G - a wand of clouds (3)
 V - a wand of paralysis (18)
 X - a wand of iceblast (3)
Scrolls
 e - 6 scrolls of blinking
 f - 8 scrolls of identify
 k - 4 scrolls of fear
 m - 10 scrolls of remove curse
 p - a scroll of silence
 t - 6 scrolls of magic mapping
 u - 11 scrolls of teleportation
 A - 6 scrolls of fog
 D - 6 scrolls of enchant weapon
 I - 5 scrolls of amnesia
 W - a scroll of brand weapon
Potions
 c - a potion of resistance
 g - 4 potions of mutation
 i - 3 potions of agility
 j - 5 potions of heal wounds
 l - 5 potions of haste
 n - 11 potions of curing
 q - 4 potions of ambrosia
 s - 3 potions of brilliance
 w - 4 potions of flight
 x - 4 potions of magic
 z - 7 potions of might
 C - a potion of cancellation
Miscellaneous
 L - a phial of floods
 P - a lamp of fire
 S - a lightning rod (4/4)
 U - a phantom mirror
 Y - a fan of gales


   Skills:
 + Level 9.2 Fighting
 - Level 4.0 Short Blades
 + Level 8.9 Dodging
 - Level 12.0 Stealth
 - Level 4.0 Shields
 * Level 13.8 Spellcasting
 + Level 8.4 Conjurations
 - Level 10.0 Hexes
 + Level 7.8 Summonings
 + Level 14.6 Air Magic
 - Level 8.0 Evocations


You had 3 spell levels left.
You knew the following spells:

 Your Spells              Type           Power        Failure   Level  Hunger
a - Shock                 Conj/Air       ####         1%          1    None
b - Swiftness             Chrm/Air       ######..     1%          2    None
c - Static Discharge      Conj/Air       ######..     1%          3    None
d - Airstrike             Air            #######...   1%          4    None
e - Lightning Bolt        Conj/Air       ######....   1%          5    ##.....
f - Freezing Cloud        Conj/Ice/Air   ######....   5%          6    ####...
g - Confuse               Hex            ######..     1%          3    None
h - Spellforged Servitor  Conj/Summ      ######....   22%         7    ######.
i - Tornado               Air            #######...   73%         9    #######


Dungeon Overview and Level Annotations

Branches:
Dungeon (15/15)            Temple (1/1) D:6            Lair (6/6) D:9
  Swamp (3/4) Lair:2        Snake (0/4) Lair:3        Slime (0/5) Lair:6
    Orc (2/2) D:9             Elf (0/3) Orc:2        Vaults (0/5) D:14
 Depths (0/5) D:15

Altars:
Ashenzari
Cheibriados
Dithmenos
Elyvilon
Fedhas
Gozag
Hepliaklqana
Kikubaaqudgha
Makhleb
Nemelex Xobeh
Okawaru
Qazlal
Ru
Sif Muna
Trog
Uskayaw
Vehumet
Wu Jian
Xom
Yredelemnul
Zin

Shops:
D:4 }   D:5 (   D:8 *   D:9 (   D:11 :   Orc:2 [?(*

Annotations:
D:3 Ijyb


Innate Abilities, Weirdness & Mutations

You have razor-sharp teeth.
You have supernaturally acute eyesight. (SInv)
You can survive without breathing.
You have a pair of small horns on your head.
Your body sometimes deteriorates upon taking damage.
Your system is resistant to poisons. (rPois)


Message History

The titanic slime creature is engulfed in freezing vapours.
The titanic slime creature completely misses you.
Your magical contamination has completely faded away.
Unknown command.
Unknown command.
You hit the titanic slime creature.
Lightning courses through the titanic slime creature!
You headbutt the titanic slime creature.
The titanic slime creature is severely wounded.
The titanic slime creature is engulfed in freezing vapours.
You block the titanic slime creature's attack.
The titanic slime creature is engulfed in freezing vapours.
You block the titanic slime creature's attack.
Unknown command.
You sock the titanic slime creature! You bite the titanic slime creature.
The titanic slime creature is almost dead.
The titanic slime creature is engulfed in freezing vapours.
The titanic slime creature hits you!!!!
Ouch! That really hurt!
You die...

♣♣♣♣ ♣♣♣♣..♣ ♣♣♣♣.≈≈.♣♣
♣♣.♣@≈≈≈♣♣ ♣..§J§≈≈♣
♣♣.≈§§§≈♣♣
♣♣♣♣≈..♣§§.♣♣
♣..≈≈≈...≈§.♣♣♣
...≈≈≈≈.≈≈≈.<≈♣♣♣♣
..≈.≈≈≈.≈≈≈≈≈≈.≈≈♣♣
≈≈≈≈..≈≈..≈≈≈≈♣♣♣.♣♣
§.§..♣♣♣♣....≈.≈≈..♣♣♣♣


You could see a titanic slime creature.

Vanquished Creatures
  Rupert (D:14)
  A thorn hunter (Swamp:1)
  The ghost of darksquall the Carver, a journeyman FoAK of Lugonu (D:13)
  A minotaur (Lab)
  An ettin (Orc:2)
  3 ice dragons (D:15)
  2 catoblepae
  12 hydras
  3 ghost crabs
  10 two-headed ogres
  2 centaur warriors
  An ogre mage (D:14)
  8 alligators
  3 orc high priests (Orc:2)
  Sonja (D:14)
  3 skeletal warriors (D:15)
  A spriggan druid (Swamp:3)
  An unseen horror (D:12)
  A deep elf archer (D:14)
  4 shambling mangroves
  3 swamp dragons
  A necromancer (IceCv)
  6 ugly things
  A wolf spider (Lair:6)
  8 orc knights
  4 orc sorcerers (Orc:2)
  3 deep elf magi
  3 cyclopes
  5 manticores
  2 ice statues (IceCv)
  14 elephants
  7 black mambas
  A guardian serpent (Lair:6)
  30 spiny frogs
  2 efreet
  4 komodo dragons
  2 gargoyles (Lab)
  A rime drake (D:14)
  6 kobold demonologists
  10 ice devils (IceCv)
  A queen bee (Lair:4)
  8 tyrant leeches
  3 meliai (Lair:4)
  A tengu conjurer (D:14)
  9 trolls
  2 polar bears (Lair:6)
  A merfolk (D:10)
  A jumping spider (shapeshifter) (D:14)
  5 dream sheep (Lair:6)
  18 hippogriffs
  20 hornets
  9 slime creatures
  3 blink frogs
  2 bog bodies
  5 redbacks
  18 wyverns
  34 yaks
  2 shadows
  8 spriggans
  5 wraiths
  11 basilisks
  14 humans (D:14)
  4 hungry ghosts
  A warg (Orc:2)
  23 vampire mosquitoes
  11 insubstantial wisps
  8 swamp worms
  An acid dragon (D:11)
  A soldier ant (D:11)
  2 hell hounds (D:14)
  19 water moccasins
  9 porcupines
  A hornet zombie (D:15)
  2 black bears
  29 orc warriors
  2 ice beasts
  2 sky beasts
  7 swamp drakes
  An eye of draining (D:15)
  A necrophage (D:10)
  An ogre (shapeshifter) (D:15)
  5 phantoms
  4 boggarts (D:11)
  13 ogres
  17 crocodiles
  6 wolves
  9 centaurs
  6 big kobolds
  2 elf zombies (Ossuary)
  Blork the orc (D:5)
  18 bullfrogs
  A wyvern skeleton (D:14)
  3 scorpions
  90 killer bees
  A water moccasin skeleton (D:11)
  17 wights
  8 howler monkeys
  6 electric eels
  9 crimson imps
  A draconian simulacrum (IceCv)
  4 centaur zombies
  A lava snake (D:15)
  A quasit (D:9)
  A bullfrog zombie (D:6)
  5 hounds
  4 bullfrog skeletons
  3 jellies
  A human zombie (Ossuary)
  14 orc priests
  Crazy Yiuf (D:3)
  2 gnoll shamans (D:4)
  6 centaur skeletons
  Terence (D:3)
  18 orc wizards
  4 iguanas
  2 spriggan simulacra (IceCv)
  9 worker ants
  4 troll simulacra (IceCv)
  A big kobold zombie (Ossuary)
  3 centaur simulacra (IceCv)
  3 hound skeletons
  3 mummies
  A worker ant zombie (D:11)
  24 gnolls
  2 howler monkey skeletons
  12 adders
  2 river rats (Lair:4)
  2 shadow imps
  An ooze (D:1)
  An adder zombie (Ossuary)
  An adder skeleton (D:4)
  A worm (D:4)
  A dart slug (D:1)
  A leopard gecko (D:6)
  81 orcs
  7 bats
  6 giant cockroaches
  9 goblins
  16 hobgoblins
  11 jackals
  28 kobolds
  2 quokkas
  2 ball pythons
  A frilled lizard (D:2)
  A goblin zombie (Ossuary)
  8 hobgoblin zombies (Ossuary)
  A jackal skeleton (D:4)
  2 jackal zombies (Ossuary)
  11 kobold zombies (Ossuary)
  2 leopard gecko skeletons (D:4)
  7 orc zombies (Ossuary)
  9 rats
  A rat zombie (Ossuary)
  8 fungi
  5 plants
1053 creatures vanquished.

Vanquished Creatures (collateral kills)
  Louise (D:15)
  A cyclops (D:15)
  A spiny frog (Swamp:2)
  A rime drake (D:14)
  A minotaur skeleton (Lab)
  A troll (D:12)
  2 humans (D:14)
  A wyvern (D:14)
  2 vampire mosquitoes (Swamp:2)
  A hell hound (D:14)
  An ice beast (D:12)
  2 centaurs (D:12)
  A howler monkey (D:12)
  A worker ant (D:14)
17 creatures vanquished.

Vanquished Creatures (others)
  Nessos (D:14)
  A centaur warrior (D:14)
  A two-headed ogre (D:12)
  168 ball lightnings
  A centaur skeleton (D:12)
  A yaktaur (D:15)
  A hornet (Swamp:2)
  2 slime creatures (D:12)
  An orc warrior (D:12)
  A howler monkey (D:12)
  2 orc wizards (Orc:2)
  An adder (D:12)
  An adder zombie (D:7)
  An orc (Orc:2)
  2 hobgoblins (Bailey)
  33 fungi
  28 plants
246 creatures vanquished.

Grand Total: 1316 creatures vanquished

Notes
Turn   | Place    | Note
-------+----------+-------------------------------------------
     0 | D:1      | inmateoo the Vampire Air Elementalist began the quest for the Orb.
     0 | D:1      | Reached XP level 1. HP: 13/13 MP: 3/3
    96 | D:1      | Reached XP level 2. HP: 9/19 MP: 0/5
   265 | D:1      | Learned a level 2 spell: Swiftness
   486 | D:1      | Reached skill level 4 in Air Magic
   897 | D:2      | Reached XP level 3. HP: 24/24 MP: 2/6
  1667 | D:2      | Reached XP level 4. HP: 10/30 MP: 0/7
  2074 | D:3      | Reached skill level 5 in Air Magic
  2075 | D:3      | Noticed Terence
  2287 | D:3      | Learned a level 3 spell: Static Discharge
  2478 | D:3      | Noticed Ijyb
  2884 | D:3      | Killed Terence
  3074 | D:3      | Found a runed door.
  3126 | D:3      | Noticed Crazy Yiuf
  3136 | D:3      | Killed Crazy Yiuf
  3136 | D:3      | Reached XP level 5. HP: 17/35 MP: 3/8
  3333 | D:4      | Found Odeim's Gadget Shoppe.
  3394 | D:3      | Reached skill level 1 in Evocations
  3729 | D:4      | Reached skill level 6 in Air Magic
  3806 | D:4      | Reached XP level 6. HP: 26/41 MP: 0/9
  3852 | D:4      | Reached skill level 5 in Stealth
  4221 | D:4      | Reached XP level 7. HP: 40/46 MP: 0/10
  4331 | D:4      | Found a transporter.
  4786 | D:4      | Learned a level 4 spell: Airstrike
  4831 | D:4      | Found a transporter.
  5170 | D:5      | Entered Level 5 of the Dungeon
  5362 | D:5      | Noticed Blork the orc
  5705 | D:5      | Reached XP level 8. HP: 37/52 MP: 1/11
  5809 | D:5      | Killed Blork the orc
  5809 | D:5      | Reached skill level 7 in Air Magic
  6099 | D:5      | Reached skill level 1 in Fighting
  6235 | D:5      | Found Jiqak's Antique Weapon Boutique.
  6368 | D:5      | Found a snail-covered altar of Cheibriados.
  6764 | D:6      | Found a staircase to the Ecumenical Temple.
  6773 | Temple   | Entered the Ecumenical Temple
  6849 | Temple   | Became a worshipper of Vehumet
  7058 | D:6      | You fall through a shaft for 3 floors!
  7099 | D:8      | Noticed a two-headed ogre
  7127 | D:8      | Noticed a two-headed ogre
  7583 | D:8      | Learned a level 5 spell: Lightning Bolt
  7801 | D:8      | Reached XP level 9. HP: 49/62 MP: 9/16
  7930 | D:8      | Reached skill level 5 in Spellcasting
  7930 | D:8      | Reached skill level 1 in Conjurations
  8228 | D:8      | Found Nobiug's Assorted Antiques.
  8246 | D:8      | Bought a scroll labeled QELLIQ LOELELE for 32 gold pieces
  8246 | D:8      | Bought a scroll of identify for 64 gold pieces
  8246 | D:8      | Bought a fuming orange potion for 28 gold pieces
  8246 | D:8      | Bought a scroll labeled QELLIQ LOELELE for 32 gold pieces
  8285 | D:7      | Reached * piety under Vehumet
  8285 | D:7      | Offered knowledge of Freeze by Vehumet.
  8498 | D:7      | Found an ornate altar of the Wu Jian Council.
  8549 | D:7      | Reached skill level 8 in Air Magic
  8811 | D:7      | Found a sand-covered staircase.
  8819 | Ossuary  | Entered an ossuary
  8837 | Ossuary  | Reached ** piety under Vehumet
  8843 | Ossuary  | Offered knowledge of Searing Ray by Vehumet.
  8998 | Ossuary  | Offered knowledge of Stone Arrow by Vehumet.
  9049 | Ossuary  | Reached *** piety under Vehumet
  9250 | D:7      | Reached XP level 10. HP: 64/73 MP: 13/19
  9257 | D:7      | Got a shimmering hand axe
  9258 | D:7      | Identified the +2 hand axe "Atuoloar" {chop, rPois SInv} (You found it on level 7 of the Dungeon)
  9493 | D:7      | Reached skill level 9 in Air Magic
 10267 | D:6      | Offered knowledge of Fulminant Prism by Vehumet.
 10696 | D:8      | Noticed a two-headed ogre
 10704 | D:8      | Killed a two-headed ogre
 10704 | D:8      | Reached skill level 5 in Fighting
 11063 | D:8      | Killed a two-headed ogre
 11063 | D:8      | Reached skill level 10 in Air Magic
 11349 | D:8      | Killed a two-headed ogre
 11461 | D:9      | Noticed a two-headed ogre
 11530 | D:9      | Found Enworioll's Antique Weapon Boutique.
 11637 | D:9      | Killed a two-headed ogre
 11741 | D:9      | Found a staircase to the Lair.
 11816 | D:9      | Reached skill level 1 in Short Blades
 11971 | D:9      | Reached XP level 11. HP: 41/81 MP: 5/20
 12988 | D:9      | Identified a scroll of acquirement
 12991 | D:9      | Got a distressingly furry hat
 13003 | D:9      | Identified the +2 hat "Ataehonk" {Str+4 Int+3 Dex+2} (You acquired it on level 9 of the Dungeon)
 13164 | D:9      | Reached **** piety under Vehumet
 13172 | D:9      | Found a staircase to the Orcish Mines.
 13300 | D:10     | Entered Level 10 of the Dungeon
 13304 | D:10     | Offered knowledge of Irradiate by Vehumet.
 13668 | D:10     | Noticed a deep elf mage
 13684 | D:10     | Killed a deep elf mage
 14532 | D:10     | Got a smoking leather armour
 14543 | D:10     | Identified the +3 leather armour of Joevuth {rC+} (You found it on level 10 of the Dungeon)
 14812 | D:11     | Reached skill level 10 in Stealth
 14869 | D:11     | Reached ***** piety under Vehumet
 14872 | D:11     | Offered knowledge of Conjure Ball Lightning by Vehumet.
 14873 | D:11     | Reached skill level 5 in Dodging
 14995 | D:11     | Noticed a two-headed ogre
 15001 | D:11     | Killed a two-headed ogre
 15135 | D:11     | Learned a level 6 spell: Conjure Ball Lightning
 15182 | D:11     | Reached skill level 5 in Evocations
 15249 | D:11     | Reached skill level 5 in Conjurations
 15372 | D:11     | Noticed an eight-headed hydra
 15376 | D:11     | Killed an eight-headed hydra
 15376 | D:11     | Reached skill level 11 in Air Magic
 15614 | D:11     | Found Roceh's Book Shop.
 15905 | D:11     | Reached XP level 12. HP: 89/89 MP: 23/23
 15939 | D:11     | Noticed a two-headed ogre
 15954 | D:11     | Killed a two-headed ogre
 16135 | D:12     | Noticed a two-headed ogre
 16245 | D:12     | Paralysed by a hornet for 1 turns
 16338 | D:12     | Learned a level 3 spell: Confuse
 16372 | D:12     | Found a sacrificial altar of Ru.
 16421 | D:12     | Found a labyrinth entrance.
 16433 | Lab      | Entered a labyrinth
 16558 | Lab      | Reached skill level 1 in Hexes
 16982 | Lab      | Noticed a minotaur
 17003 | Lab      | Killed a minotaur
 17006 | Lab      | Got a smoking mace {crush}
 17010 | Lab      | Identified the Volume of Flames and Transformation
 17012 | Lab      | Got a smoking mace
 17012 | Lab      | Got an ancient cloak
 17012 | Lab      | Got a heavily runed scale mail
 17012 | Lab      | Got a twisted helmet
 17024 | Lab      | Identified the +2 cloak of the Unseen Realm {rC+} (You found it in a labyrinth)
 17036 | Lab      | Identified the cursed +0 helmet of Free Will {MR+ Str+2 Int+3} (You found it in a labyrinth)
 17057 | Lab      | Identified the +3 scale mail of Moixzoitoa {Dex+4} (You found it in a labyrinth)
 17221 | Lab      | Identified the cursed +3 mace "Bajamore" {crush, +Fly} (You took it off a minotaur in a labyrinth)
 17223 | Lab      | Identified the cursed +1 mace of Unreason {elec, rElec rN+ Dex-2 Stlth+} (You found it in a labyrinth)
 17316 | D:12     | Offered knowledge of Venom Bolt by Vehumet.
 17757 | D:12     | Got a fine lapis lazuli ring
 17759 | D:12     | Identified the ring of Vailof {rPois MP-9 AC+3 Str+3} (You took it off a centaur on level 12 of the Dungeon)
 18375 | D:13     | Noticed darksquall's ghost (journeyman FoAK)
 19030 | D:13     | Reached skill level 5 in Hexes
 19436 | D:13     | Killed darksquall's ghost
 19436 | D:13     | Reached XP level 13. HP: 59/96 MP: 1/25
 19902 | D:14     | Found a gate to the Vaults.
 19902 | D:14     | Noticed Rupert
 19902 | D:14     | Noticed Nessos
 20440 | Orc:1    | Entered Level 1 of the Orcish Mines
 20445 | Orc:1    | Reached skill level 12 in Air Magic
 20538 | Orc:2    | Entered Level 2 of the Orcish Mines
 20645 | Orc:1    | Found a flagged portal.
 20665 | Bailey   | Entered a bailey
 20885 | Bailey   | Reached skill level 10 in Spellcasting
 20885 | Bailey   | Reached XP level 14. HP: 104/104 MP: 25/28
 21443 | Orc:2    | Offered knowledge of Spellforged Servitor by Vehumet.
 21475 | Orc:1    | Learned a level 7 spell: Spellforged Servitor
 21552 | Lair:1   | Entered Level 1 of the Lair of Beasts
 22285 | Lair:1   | Reached skill level 1 in Summonings
 23363 | Lair:2   | Offered knowledge of Bolt of Magma by Vehumet.
 24357 | Lair:2   | Found a staircase to the Swamp.
 24493 | Lair:3   | Found a staircase to the Snake Pit.
 24936 | Lair:3   | Got a heavily jewelled robe
 24947 | Lair:3   | Identified the +2 robe "Eriofegh" {rPois rF+ MR+} (You found it on level 3 of the Lair of Beasts)
 25334 | Lair:4   | Reached skill level 1 in Shields
 25598 | Lair:4   | Reached skill level 13 in Air Magic
 27569 | Lair:5   | Reached XP level 15. HP: 93/110 MP: 20/30
 28264 | Lair:5   | Identified the Papyrus of the Compass and Companions
 28949 | Lair:6   | Entered Level 6 of the Lair of Beasts
 29083 | Lair:6   | Reached skill level 10 in Hexes
 29117 | Lair:6   | Found a frozen archway.
 29156 | IceCv    | Entered an ice cave
 29377 | IceCv    | Reached ****** piety under Vehumet
 29383 | IceCv    | Offered knowledge of Orb of Destruction by Vehumet.
 30024 | IceCv    | Got an ancient robe
 30044 | IceCv    | Identified the cursed +1 robe of Ylagebb {rC++ MR- Str-2 Dex+8} (You took it off a necromancer in an ice cave)
 30991 | Lair:6   | Found a staircase to the Slime Pits.
 31316 | Lair:6   | Offered knowledge of Iron Shot by Vehumet.
 31784 | Lair:6   | Learned a level 6 spell: Freezing Cloud
 32362 | Orc:2    | Found a staircase to the Elven Halls.
 32799 | Orc:2    | Reached skill level 14 in Air Magic
 32999 | Orc:2    | Found Emixis's General Store.
 32999 | Orc:2    | Found Poyvvuyz's Weapon Emporium.
 33001 | Orc:2    | Found Vahay's Magic Scroll Shop.
 33001 | Orc:2    | Found Oplall's Antique Armour Emporium.
 33010 | Orc:2    | Bought a pair of runed gloves for 262 gold pieces
 33036 | Orc:2    | Bought a scroll of identify for 34 gold pieces
 33036 | Orc:2    | Bought a scroll of magic mapping for 59 gold pieces
 33038 | Orc:2    | Bought a wand of digging (10) for 280 gold pieces
 33038 | Orc:2    | Bought a potion of haste for 100 gold pieces
 33816 | D:14     | Killed Nessos
 33816 | D:14     | Reached skill level 5 in Summonings
 34021 | D:14     | Killed Rupert
 34021 | D:14     | Reached XP level 16. HP: 76/117 MP: 9/32
 34028 | D:14     | Offered knowledge of Poison Arrow by Vehumet.
 34049 | D:14     | Noticed Sonja
 34071 | D:14     | Killed Sonja
 35159 | D:15     | Entered Level 15 of the Dungeon
 35324 | D:15     | Noticed Louise
 35329 | D:15     | Killed Louise
 36413 | D:15     | Found a staircase to the Depths.
 36801 | Swamp:1  | Entered Level 1 of the Swamp
 37000 | Swamp:1  | Offered knowledge of Fire Storm by Vehumet.
 37000 | Swamp:1  | Offered knowledge of Glaciate by Vehumet.
 37000 | Swamp:1  | Offered knowledge of Chain Lightning by Vehumet.
 37032 | Swamp:1  | Noticed a thorn hunter
 37045 | Swamp:1  | Killed a thorn hunter
 37289 | Swamp:1  | Found a transporter.
 37947 | Swamp:1  | Found a transporter.
 38302 | Swamp:1  | Gained mutation: You are weak. (Str -2) [mutagenic glow]
 38348 | Swamp:1  | Gained mutation: Your body sometimes deteriorates upon taking damage. [mutagenic glow]
 38352 | Swamp:1  | Got a brightly glowing iron ring
 38370 | Swamp:1  | Identified the ring of Heid {rF+ Dex+4 Stlth+} (You found it on level 1 of the Swamp)
 38374 | Swamp:1  | Got a scintillating jade ring
 38375 | Swamp:1  | Identified the ring "Boesack" {MR+ Stlth+} (You found it on level 1 of the Swamp)
 38382 | Swamp:1  | Got a slimy iron ring
 38383 | Swamp:1  | Identified the ring "Jeni" {rElec MR+ Str+3 Stlth-} (You found it on level 1 of the Swamp)
 38401 | Swamp:1  | Gained mutation: You are very weak. (Str -4) [mutagenic glow]
 38451 | Swamp:2  | Lost mutation: Your body sometimes deteriorates upon taking damage. [potion of mutation]
 38451 | Swamp:2  | Lost mutation: You are very weak. (Str -4) [potion of mutation]
 38451 | Swamp:2  | Lost mutation: You are weak. (Str -2) [potion of mutation]
 38451 | Swamp:2  | Gained mutation: Your system is resistant to poisons. (rPois) [potion of mutation]
 38451 | Swamp:2  | Gained mutation: Your body sometimes deteriorates upon taking damage. [potion of mutation]
 38451 | Swamp:2  | Gained mutation: You have a pair of small horns on your head. [potion of mutation]
 39144 | Swamp:2  | Reached XP level 17. HP: 125/125 MP: 12/34
 39484 | Swamp:2  | Learned a level 9 spell: Tornado
 40007 | Swamp:3  | Slain by a titanic slime creature

Vault maps used:
D:1:      lightli_arrival_flooded_house
D:3:      feat_on_display, uniq_ijyb, uniq_terence, uniq_crazy_yiuf_cottage
D:4:      gammafunk_steamed_eel, serial_shops, shop_statue, portal_sewer_entry_b
D:5:      corexii_shack_village, serial_shops, shop, basic_altar, first_ration,
          uniq_blork_the_orc
D:6:      minmay_temple_entry_grid, st_stairs_7
D:7:      nicolae_overflow_crystal_walls, gup_ossuary_entry_pyramid
D:8:      serial_shops, nicolae_shop_overgrown_old_shop
D:9:      erik_orc_1, serial_shops, nicolae_shop_trees
D:10:     hangedman_fish_farm
D:11:     serial_shops, nicolae_shop_behind_doors
D:12:     basic_altar, lab_entry_generic
D:14:     david_vaults_3, special_room, uniq_sonja
D:15:     grunt_enter_depths_hoard, hangedman_abyss_or_decor_stabs,
          nicolae_lava_and_water, grunt_ministairs_4, uniq_louise
Temple:   regret_index_temple_sigil_plot
Lair:1:   wad_woods_minihive, beast_lair_carwin_7
Lair:2:   minmay_swamp_entry_worms
Lair:3:   dummy_snake_entry
Lair:4:   regret_index_tunnel_blossom, lemuel_fruit_fields, lemuel_fruit_tree
Lair:6:   hangedman_lair_tendril_chambers, minmay_slime_entry_pillars,
          portal_ice_cave_entry_pillars_1, uniq_rupert
Swamp:1:  gammafunk_its_a_trap, evilmike_swamp_ruin_house_6
Swamp:2:  evilmike_swamp_ruin_house_3
Swamp:3:  evilmike_swamp_ruin_house_2, swamp_pool5,
          nicolae_swamp_feature_on_the_river_bank
Orc:1:    enter_bailey_1
Orc:2:    grunt_orc_tribal_feast
Lab:      labyrinth_spiral, lab_hedge, nicolae_lab_stuck, nicolae_lab_t_cross,
          nicolae_lab_x, labyrinth_fake_exit, nicolae_lab_swirl,
          nicolae_lab_grate_2
Ossuary:  ossuary_tomb_1
Bailey:   bailey_axe_2, bailey
IceCv:    ice_cave_tombish

Skill      XL: |  1  2  3  4  5  6  7  8  9 10 11 12 13 14 15 16 |
---------------+-------------------------------------------------+-----
Air Magic      | 4 5 6 7 8 10 11 12 13 14 | 14.6
Stealth        | 4 6 8 9 10 11 12 | 12.0
Evocations     | 1 2 4 5 6 8 |  8.0
Fighting       | 2 4 6 7 8 9 |  9.2
Spellcasting   | 4 6 7 8 10 11 12 13 | 13.8
Dodging        | 4 5 6 7 8 |  8.9
Conjurations   | 2 4 5 6 7 8 |  8.4
Short Blades   | 1 3 4 |  4.0
Hexes          | 5 6 9 10 | 10.0
Summonings     | 2 5 7 |  7.8
Shields        | 2 4 |  4.0

Action                   |  1- 3 |  4- 6 |  7- 9 | 10-12 | 13-15 | 16-18 || total
-------------------------+-------+-------+-------+-------+-------+-------++-------
Melee: Unarmed           |    16 |       |       |       |       |       ||    16
       Bite              |     4 |     5 |    15 |    16 |    73 |    32 ||   145
       Dagger            |    13 |    43 |   103 |       |       |       ||   159
       Short sword       |       |       |    39 |   149 |    68 |       ||   256
       Hand axe          |       |       |       |     7 |       |       ||     7
       Mace              |       |       |       |    21 |   503 |   223 ||   747
       Staff             |       |       |       |       |    10 |       ||    10
       Headbutt          |       |       |       |       |       |    17 ||    17
 Cast: Shock             |    43 |   101 |   181 |   260 |   111 |     8 ||   704
       Static Discharge  |       |     2 |    48 |    55 |    81 |    25 ||   211
       Airstrike         |       |       |    20 |    43 |   118 |    76 ||   257
       Lightning Bolt    |       |       |       |    71 |   101 |    28 ||   200
       Conjure Ball Ligh |       |       |       |    12 |    62 |       ||    74
       Confuse           |       |       |       |       |    18 |     1 ||    19
       Freezing Cloud    |       |       |       |       |    31 |    88 ||   119
       Spellforged Servi |       |       |       |       |     1 |     2 ||     3
 Abil: Evoke Invisibilit |       |       |       |     3 |       |       ||     3
Evoke: Wand              |       |       |     6 |    18 |    24 |    15 ||    63
       Box of beasts     |       |       |       |     2 |       |       ||     2
  Use: Scroll            |       |     8 |     6 |    16 |    12 |     6 ||    48
       Potion            |       |     9 |     1 |     1 |     3 |     3 ||    17
 Stab: Sleeping          |     1 |     2 |    19 |    19 |    12 |       ||    53
       Invisible         |       |       |       |     5 |       |       ||     5
       Distracted        |       |       |       |     2 |     3 |       ||     5
       Paralysed         |       |       |       |     1 |     3 |     1 ||     5
       Confused          |       |       |       |       |    19 |       ||    19
  Eat: Corpse            |     2 |     7 |    24 |    36 |    77 |    24 ||   170
Armor: Robe              |     5 |    27 |    69 |    36 |   121 |    68 ||   326
       Leather armour    |       |       |       |    57 |    47 |       ||   104
Dodge: Dodged            |    36 |    87 |   195 |   217 |   445 |   189 ||  1169
Block: Other             |       |       |       |    34 |   117 |       ||   151
       Reflection        |       |       |       |     1 |    30 |    14 ||    45
       Buckler           |       |       |       |       |   456 |   258 ||   714

Table legend:
 A = Spawn XP
 B = Non-spawn XP
 C = Spawn XP percentage of total XP
 D = Spawn monster count
 E = Non-spawn monster count
 F = Spawn count percentage of total count
 G = Total turns spent on level
                    A         B        C        D         E        F      G
               +---------+---------+-------+---------+---------+-------+---------
         Total |       0 |  200559 |   0.0 |       0 |    1069 |   0.0 | 40007
               +---------+---------+-------+---------+---------+-------+---------
           D:1 |       0 |      35 |   0.0 |       0 |      18 |   0.0 |   659
           D:2 |       0 |      65 |   0.0 |       0 |       8 |   0.0 |  1755
           D:3 |       0 |     159 |   0.0 |       0 |      16 |   0.0 |  1248
           D:4 |       0 |    1070 |   0.0 |       0 |      49 |   0.0 |  2026
           D:5 |       0 |     725 |   0.0 |       0 |      25 |   0.0 |  1074
           D:6 |       0 |     614 |   0.0 |       0 |      15 |   0.0 |  1005
           D:7 |       0 |    1596 |   0.0 |       0 |      34 |   0.0 |  1125
           D:8 |       0 |    4566 |   0.0 |       0 |      34 |   0.0 |  2561
           D:9 |       0 |    2466 |   0.0 |       0 |      40 |   0.0 |  1691
          D:10 |       0 |    4335 |   0.0 |       0 |      45 |   0.0 |  1595
          D:11 |       0 |    6925 |   0.0 |       0 |      38 |   0.0 |  1379
          D:12 |       0 |    6534 |   0.0 |       0 |      40 |   0.0 |  1926
          D:13 |       0 |    7472 |   0.0 |       0 |      33 |   0.0 |  1466
          D:14 |       0 |   26323 |   0.0 |       0 |      71 |   0.0 |  1747
          D:15 |       0 |   12808 |   0.0 |       0 |      38 |   0.0 |  1462
        Lair:1 |       0 |    7569 |   0.0 |       0 |      75 |   0.0 |  1969
        Lair:2 |       0 |    5851 |   0.0 |       0 |      26 |   0.0 |  1065
        Lair:3 |       0 |    2378 |   0.0 |       0 |      10 |   0.0 |   841
        Lair:4 |       0 |   13979 |   0.0 |       0 |      72 |   0.0 |  2671
        Lair:5 |       0 |    8713 |   0.0 |       0 |      21 |   0.0 |  1002
        Lair:6 |       0 |   14621 |   0.0 |       0 |      53 |   0.0 |  1886
       Swamp:1 |       0 |   23247 |   0.0 |       0 |      59 |   0.0 |  1607
       Swamp:2 |       0 |   15183 |   0.0 |       0 |      39 |   0.0 |  1295
       Swamp:3 |       0 |    9693 |   0.0 |       0 |      27 |   0.0 |   304
         Orc:1 |       0 |    2474 |   0.0 |       0 |      22 |   0.0 |   645
         Orc:2 |       0 |   11878 |   0.0 |       0 |      57 |   0.0 |  1170
           Lab |       0 |    3225 |   0.0 |       0 |       8 |   0.0 |   881
       Ossuary |       0 |     425 |   0.0 |       0 |      39 |   0.0 |   286
        Bailey |       0 |     356 |   0.0 |       0 |      34 |   0.0 |   360
         IceCv |       0 |    5274 |   0.0 |       0 |      23 |   0.0 |  1205
               +---------+---------+-------+---------+---------+-------+---------
